[ PARTIDA AOE2 · #495317202 ]
UnrankedMalayos vs Koreans
Equipo del jugador · VICT
Equipo rival · DERR
[ ANÁLISIS DE REPETICIÓN · EXTRAÍDO DE LA PARTIDA GRABADA ]
Feudal
10:14
Castillos
26:20
Imperial
—
| APM promedio | 37.3 |
| APM pico | 100 |
| eAPM promedio | 17.7 |
| Aldeanos / militares | 48 / 41 |
Foco
⚔️ 39.0% · 🌾 61.0%
Fishing Ship ×24 · Battle Elephant ×18 · Militia ×8 · Unknown (2626) ×7 · Fire Galley ×6 · Archer ×4
Feudal
10:24
Castillos
24:40
Imperial
—
| APM promedio | 39.1 |
| APM pico | 102 |
| eAPM promedio | 19.0 |
| Aldeanos / militares | 51 / 13 |
Foco
⚔️ 33.0% · 🌾 67.0%
Fire Galley ×5 · Fishing Ship ×5 · Monk ×4 · Galley ×4
Mapa de la partida
Recursos iniciales + cada clic de construcción. Líneas = muros · curvas = relieve. ◆ oro · ⬟ piedra · ● bayas · ✦ reliquia · ◌ hueco del cierre
Tu base· Abierta — flanco sin cerrar
Base de hallvaror_1927· Abierta — flanco sin cerrar
Terreno inicial suavizado · ◌ = hueco del cierre detectado · pasá el cursor para detalles
Inputs por minuto
— __24_Thorfin_Arg - - hallvaror_1927
Build order — __24_Thorfin_Arg
Primeras 150 de 192 acciones detectadas
| 0:01 | Crear | Villager (Male) |
| 0:03 | Construir | House |
| 0:04 | Construir | House |
| 0:05 | Crear | Villager (Male) |
| 0:05 | Crear | Villager (Male) |
| 0:05 | Crear | Villager (Male) |
| 1:20 | Construir | Lumber Camp |
| 1:24 | Crear | Villager (Male) |
| 2:07 | Crear | Villager (Male) |
| 2:27 | Crear | Villager (Male) |
| 2:47 | Crear | Villager (Male) |
| 3:24 | Crear | Villager (Male) |
| 3:39 | Construir | Dock |
| 3:42 | Construir | Palisade Wall |
| 3:48 | Crear | Villager (Male) |
| 3:49 | Crear | Villager (Male) |
| 3:57 | Construir | House |
| 4:33 | Crear | Villager (Male) |
| 4:47 | Crear | Fishing Ship |
| 5:16 | Crear | Villager (Male) |
| 5:16 | Crear | Villager (Male) |
| 5:19 | Crear | Fishing Ship |
| 5:44 | Crear | Villager (Male) |
| 5:44 | Crear | Villager (Male) |
| 5:44 | Crear | Villager (Male) |
| 5:51 | Construir | House |
| 5:54 | Crear | Fishing Ship |
| 6:15 | Construir | House |
| 6:38 | Crear | Villager (Male) |
| 6:46 | Crear | Fishing Ship |
| 6:56 | Crear | Villager (Male) |
| 7:18 | Crear | Villager (Male) |
| 7:43 | Crear | Villager (Male) |
| 7:56 | Crear | Villager (Male) |
| 8:01 | Construir | Barracks |
| 8:56 | Investigar | Feudal Age |
| 9:04 | Construir | Mining Camp |
| 9:08 | Construir | House |
| 9:10 | Crear | Militia |
| 9:45 | Construir | House |
| 9:49 | Crear | Militia |
| 10:06 | Crear | Villager (Male) |
| 10:14 | Edad | Edad Feudal |
| 10:16 | Investigar | Man-at-Arms (upgrade) |
| 10:36 | Crear | Militia |
| 10:48 | Construir | Archery Range |
| 10:56 | Crear | Militia |
| 11:10 | Investigar | Loom |
| 11:15 | Construir | Blacksmith |
| 11:16 | Crear | Militia |
| 11:37 | Crear | Militia |
| 11:53 | Construir | House |
| 11:55 | Construir | House |
| 12:06 | Crear | Archer |
| 12:07 | Crear | Archer |
| 12:11 | Crear | Militia |
| 12:11 | Crear | Villager (Male) |
| 12:15 | Crear | Fishing Ship |
| 12:16 | Crear | Fishing Ship |
| 12:26 | Construir | Dock |
| 12:31 | Construir | House |
| 12:34 | Construir | Palisade Wall |
| 12:52 | Crear | Militia |
| 13:14 | Construir | Dock |
| 13:26 | Crear | Unit 2626 |
| 13:27 | Crear | Unit 2626 |
| 13:29 | Crear | Villager (Male) |
| 13:43 | Crear | Archer |
| 14:05 | Construir | Dock |
| 14:22 | Crear | Archer |
| 15:15 | Crear | Unit 2626 |
| 15:56 | Construir | House |
| 16:33 | Crear | Unit 2626 |
| 16:33 | Crear | Unit 2626 |
| 16:56 | Construir | Dock |
| 17:13 | Crear | Unit 2626 |
| 17:13 | Crear | Unit 2626 |
| 17:29 | Construir | Mill |
| 17:42 | Construir | Palisade Wall |
| 17:46 | Construir | Palisade Wall |
| 17:59 | Construir | Dock |
| 18:03 | Crear | Fire Galley |
| 18:05 | Crear | Villager (Male) |
| 18:39 | Crear | Fire Galley |
| 18:49 | Crear | Villager (Male) |
| 18:50 | Crear | Villager (Male) |
| 18:55 | Construir | Market |
| 19:10 | Crear | Fire Galley |
| 19:11 | Crear | Fire Galley |
| 19:12 | Crear | Villager (Male) |
| 19:17 | Crear | Fishing Ship |
| 19:31 | Construir | Lumber Camp |
| 19:43 | Crear | Fishing Ship |
| 19:43 | Crear | Fishing Ship |
| 19:44 | Crear | Fishing Ship |
| 20:00 | Crear | Villager (Male) |
| 20:17 | Crear | Villager (Male) |
| 20:38 | Crear | Villager (Male) |
| 20:57 | Crear | Villager (Male) |
| 21:13 | Crear | Fire Galley |
| 21:13 | Crear | Fire Galley |
| 21:14 | Crear | Villager (Male) |
| 21:28 | Crear | Fishing Ship |
| 21:28 | Crear | Fishing Ship |
| 21:30 | Crear | Villager (Male) |
| 21:46 | Construir | Lumber Camp |
| 21:57 | Investigar | Forging |
| 22:10 | Crear | Fishing Ship |
| 22:10 | Crear | Fishing Ship |
| 22:14 | Crear | Villager (Male) |
| 22:27 | Crear | Fishing Ship |
| 22:27 | Crear | Fishing Ship |
| 22:32 | Crear | Villager (Male) |
| 22:38 | Crear | Villager (Male) |
| 22:41 | Crear | Fishing Ship |
| 22:43 | Crear | Villager (Male) |
| 22:56 | Construir | House |
| 22:59 | Construir | House |
| 23:24 | Crear | Galley |
| 23:36 | Crear | Fishing Ship |
| 23:47 | Construir | Dock |
| 23:49 | Crear | Villager (Male) |
| 23:52 | Construir | Outpost |
| 23:56 | Construir | Outpost |
| 24:10 | Crear | Galley |
| 24:12 | Crear | Demolition Raft |
| 24:17 | Construir | House |
| 24:32 | Construir | Outpost |
| 24:44 | Investigar | Castle Age |
| 24:58 | Construir | House |
| 25:06 | Crear | Fishing Ship |
| 25:06 | Crear | Fishing Ship |
| 25:09 | Investigar | Tech 906 |
| 25:17 | Construir | Stable |
| 25:22 | Construir | House |
| 25:24 | Construir | Palisade Wall |
| 25:28 | Construir | Palisade Wall |
| 25:37 | Construir | Palisade Wall |
| 25:41 | Construir | Palisade Wall |
| 25:42 | Construir | Palisade Wall |
| 25:44 | Construir | Palisade Wall |
| 25:55 | Investigar | Scale Barding Armor |
| 26:01 | Construir | Palisade Wall |
| 26:09 | Construir | Stable |
| 26:17 | Construir | House |
| 26:20 | Edad | Edad de los Castillos |
| 26:23 | Construir | House |
| 26:25 | Crear | Villager (Male) |
| 26:28 | Investigar | Iron Casting |
| 26:53 | Crear | Villager (Male) |
Build order — hallvaror_1927
132 acciones detectadas en el replay
| 0:02 | Construir | House |
| 0:04 | Construir | House |
| 0:12 | Crear | Villager (Male) |
| 0:14 | Crear | Villager (Male) |
| 0:15 | Crear | Villager (Male) |
| 0:15 | Crear | Villager (Male) |
| 0:15 | Crear | Villager (Male) |
| 1:29 | Crear | Villager (Male) |
| 2:12 | Crear | Villager (Male) |
| 2:15 | Construir | Lumber Camp |
| 2:34 | Crear | Villager (Male) |
| 2:39 | Crear | Villager (Male) |
| 3:06 | Crear | Villager (Male) |
| 3:25 | Construir | House |
| 3:38 | Crear | Villager (Male) |
| 3:52 | Crear | Villager (Male) |
| 4:25 | Crear | Villager (Male) |
| 4:45 | Construir | Dock |
| 5:05 | Crear | Villager (Male) |
| 5:05 | Crear | Villager (Male) |
| 5:34 | Crear | Fishing Ship |
| 5:41 | Crear | Villager (Male) |
| 5:44 | Crear | Villager (Male) |
| 6:16 | Crear | Villager (Male) |
| 6:23 | Crear | Fishing Ship |
| 6:27 | Construir | House |
| 6:31 | Investigar | Loom |
| 6:31 | Crear | Villager (Male) |
| 6:53 | Construir | House |
| 7:01 | Crear | Villager (Male) |
| 7:47 | Crear | Villager (Male) |
| 7:57 | Construir | Dock |
| 8:14 | Investigar | Feudal Age |
| 8:14 | Investigar | Feudal Age |
| 8:30 | Construir | Mining Camp |
| 8:48 | Construir | Palisade Wall |
| 8:51 | Construir | Palisade Wall |
| 9:01 | Construir | Palisade Wall |
| 9:20 | Crear | Fishing Ship |
| 9:43 | Construir | Mill |
| 9:59 | Crear | Villager (Male) |
| 10:24 | Edad | Edad Feudal |
| 10:29 | Crear | Fire Galley |
| 10:32 | Crear | Fire Galley |
| 10:34 | Crear | Villager (Male) |
| 11:03 | Construir | Palisade Wall |
| 11:05 | Construir | Palisade Wall |
| 11:16 | Construir | House |
| 11:18 | Construir | Palisade Wall |
| 11:32 | Crear | Villager (Male) |
| 11:36 | Crear | Fire Galley |
| 11:47 | Construir | Palisade Wall |
| 11:49 | Construir | Palisade Wall |
| 11:52 | Construir | Palisade Wall |
| 12:06 | Crear | Villager (Male) |
| 12:06 | Crear | Villager (Male) |
| 12:21 | Construir | Dock |
| 12:26 | Crear | Villager (Male) |
| 12:57 | Crear | Villager (Male) |
| 13:08 | Crear | Fire Galley |
| 13:08 | Crear | Fire Galley |
| 13:36 | Construir | Barracks |
| 13:56 | Crear | Villager (Male) |
| 14:34 | Crear | Villager (Male) |
| 14:34 | Crear | Villager (Male) |
| 14:56 | Crear | Galley |
| 14:57 | Crear | Galley |
| 15:12 | Crear | Villager (Male) |
| 15:17 | Construir | Archery Range |
| 15:24 | Construir | Watch Tower |
| 15:36 | Crear | Galley |
| 15:37 | Crear | Galley |
| 15:37 | Crear | Villager (Male) |
| 15:38 | Crear | Villager (Male) |
| 16:27 | Crear | Villager (Male) |
| 16:27 | Crear | Villager (Male) |
| 16:59 | Crear | Villager (Male) |
| 17:54 | Construir | House |
| 17:54 | Construir | House |
| 19:11 | Construir | Blacksmith |
| 19:59 | Construir | Mining Camp |
| 21:02 | Construir | Dock |
| 21:10 | Crear | Villager (Male) |
| 21:10 | Crear | Villager (Male) |
| 21:52 | Investigar | Castle Age |
| 21:52 | Investigar | Castle Age |
| 22:01 | Investigar | Double-Bit Axe |
| 22:06 | Construir | Farm |
| 22:06 | Construir | Farm |
| 22:06 | Construir | Farm |
| 22:11 | Construir | Farm |
| 22:28 | Construir | Farm |
| 23:00 | Construir | Mining Camp |
| 23:01 | Crear | Villager (Male) |
| 23:26 | Construir | Market |
| 23:39 | Construir | House |
| 23:55 | Crear | Fishing Ship |
| 24:40 | Edad | Edad de los Castillos |
| 24:50 | Investigar | Bow Saw |
| 24:51 | Crear | Villager (Male) |
| 25:04 | Crear | Villager (Male) |
| 25:41 | Construir | Watch Tower |
| 25:51 | Construir | Palisade Wall |
| 25:53 | Construir | Palisade Wall |
| 26:03 | Investigar | Fletching |
| 26:07 | Crear | Villager (Male) |
| 26:08 | Crear | Villager (Male) |
| 26:30 | Construir | Watch Tower |
| 26:43 | Construir | Watch Tower |
| 26:51 | Crear | Villager (Male) |
| 26:55 | Crear | Fishing Ship |
| 27:06 | Investigar | Bodkin Arrow |
| 27:09 | Crear | Villager (Male) |
| 27:11 | Construir | Farm |
| 27:30 | Construir | Watch Tower |
| 27:39 | Construir | Watch Tower |
| 27:54 | Construir | Farm |
| 28:09 | Construir | Town Center |
| 28:14 | Crear | Villager (Male) |
| 28:33 | Crear | Villager (Male) |
| 28:43 | Construir | Monastery |
| 28:49 | Crear | Villager (Male) |
| 28:52 | Construir | Monastery |
| 28:56 | Crear | Villager (Male) |
| 28:56 | Crear | Villager (Male) |
| 29:11 | Crear | Monk |
| 29:47 | Construir | Watch Tower |
| 29:56 | Construir | University |
| 30:04 | Crear | Monk |
| 30:41 | Crear | Monk |
| 30:55 | Construir | Watch Tower |
| 31:01 | Crear | Monk |
Cronología de la partida
| 3:39 | __24_Thorfin_Arg · first_building Dock |
| 3:42 | __24_Thorfin_Arg · wall_segment Palisade Wall x1 |
| 4:45 | hallvaror_1927 · first_building Dock |
| 8:01 | __24_Thorfin_Arg · first_building Barracks |
| 8:48 | hallvaror_1927 · wall_segment Palisade Wall x1 |
| 8:51 | hallvaror_1927 · wall_segment Palisade Wall x1 |
| 9:01 | hallvaror_1927 · wall_segment Palisade Wall x1 |
| 10:14 | __24_Thorfin_Arg · age_up feudal |
| 10:24 | hallvaror_1927 · age_up feudal |
| 10:48 | __24_Thorfin_Arg · first_building Archery Range |
| 11:03 | hallvaror_1927 · wall_segment Palisade Wall x1 |
| 11:05 | hallvaror_1927 · wall_segment Palisade Wall x1 |
| 11:18 | hallvaror_1927 · wall_segment Palisade Wall x1 |
| 11:47 | hallvaror_1927 · wall_segment Palisade Wall x1 |
| 11:49 | hallvaror_1927 · wall_segment Palisade Wall x1 |
| 11:52 | hallvaror_1927 · wall_segment Palisade Wall x1 |
| 12:34 | __24_Thorfin_Arg · wall_segment Palisade Wall x1 |
| 13:36 | hallvaror_1927 · first_building Barracks |
| 15:17 | hallvaror_1927 · first_building Archery Range |
| 17:42 | __24_Thorfin_Arg · wall_segment Palisade Wall x1 |
| 17:46 | __24_Thorfin_Arg · wall_segment Palisade Wall x5 |
| 21:25 | __24_Thorfin_Arg · first_market_buy 100 wood |
| 24:40 | hallvaror_1927 · age_up castle |
| 25:17 | __24_Thorfin_Arg · first_building Stable |
| 25:24 | __24_Thorfin_Arg · wall_segment Palisade Wall x1 |
| 25:28 | __24_Thorfin_Arg · wall_segment Palisade Wall x1 |
| 25:37 | __24_Thorfin_Arg · wall_segment Palisade Wall x1 |
| 25:41 | __24_Thorfin_Arg · wall_segment Palisade Wall x1 |
| 25:42 | __24_Thorfin_Arg · wall_segment Palisade Wall x1 |
| 25:44 | __24_Thorfin_Arg · wall_segment Palisade Wall x1 |
| 25:51 | hallvaror_1927 · wall_segment Palisade Wall x1 |
| 25:53 | hallvaror_1927 · wall_segment Palisade Wall x1 |
| 26:01 | __24_Thorfin_Arg · wall_segment Palisade Wall x1 |
| 26:20 | __24_Thorfin_Arg · age_up castle |
| 26:23 | hallvaror_1927 · first_market_buy 100 stone |
| 27:26 | __24_Thorfin_Arg · wall_segment Palisade Wall x5 |
| 28:24 | __24_Thorfin_Arg · first_building Siege Workshop |
| 28:43 | hallvaror_1927 · first_building Monastery |
| 29:25 | __24_Thorfin_Arg · wall_segment Palisade Wall x4 |
| 30:03 | hallvaror_1927 · first_market_sell 100 food |
| 31:32 | hallvaror_1927 · resign |
[ ANÁLISIS IA · 1 CRÉDITO ]
¿Qué pasó realmente en esta partida?
Wolo.gg analiza cada decisión: build order, eco, micro, errores típicos por bracket. Análisis personalizado por WhatsApp o Discord en 30 segundos.
Guía civ
Malayos
Perfil
__24_Thorfin_Arg